 Dungeon Sprint DCSS version 0.21-a0-400-g417d9d2 (webtiles) character file.

1869 Amnesiac the Earth Mage (level 8, -11/41 HPs)
             Began as a Deep Elf Earth Elementalist on Oct 20, 2017.
             Was a Priest of Sif Muna.
             Killed by blast of rock fragments (31 damage)
             ... in the Dungeon (Sprint III: "The Ten Rune Challenge").
             The game lasted 00:02:43 (424 turns).

Amnesiac the Earth Mage (DEEE)                       Turns: 424, Time: 00:02:44

Health: -11/41     AC:  3    Str:  5    XL:     8   Next: 90%
Magic:  4/28       EV: 13    Int: 23    God:    Sif Muna [***...]
Gold:   42         SH:  0    Dex: 15    Spells: 21/36 levels left

rFire    . . .     SeeInvis .   m - +4 quarterstaff (chaos)
rCold    . . .     Gourm    .   (shield currently unavailable)
rNeg     . . .     Faith    .   c - +0 robe
rPois    .         Spirit   .   (no helmet)
rElec    .         Reflect  .   l - +0 cloak
rCorr    .         Harm     .   (no gloves)
MR       .....     NoTele   +   (no boots)
Stlth    ++........             (no amulet)
HPRegen  0.13/turn              (no ring)
MPRegen  0.21/turn              (no ring)

@: no status effects
A: no striking features
a: Divine Energy, Channel Magic, Renounce Religion


You were in the Dungeon.
You worshipped Sif Muna.
Sif Muna was most pleased with you.
You were not hungry.

You visited 1 branch You collected 42 gold pieces.

Inventory:

Hand Weapons
 m - a +4 quarterstaff of chaos (weapon)
Missiles
 b - 21 stones (quivered)
Armour
 c - a +0 robe (worn)
 l - a +0 cloak (worn)
Wands
 x - a wand of acid (7/15)
Scrolls
 j - 2 scrolls of blinking {!r}
 o - 3 scrolls of immolation {!r, unknown}
 p - a scroll of identify {!r, unknown}
 q - 2 scrolls of remove curse {!r, unknown}
 t - a scroll of holy word {!r, unknown}
Potions
 a - a potion of lignification {!q, unknown}
 e - a potion of curing {!q}
 f - 2 potions of heal wounds {!q}
 g - 2 potions of haste {!q}
 h - 2 potions of magic {!q}
 i - a potion of berserk rage {!q}
 n - 5 potions of mutation {!q}
 s - 3 potions of flight {!q}
 v - a potion of might {!q}
Books
 k - a book of Geomancy

   Spells                             Type                      Level
   a - Sandblast                      Earth                        1
   b - Passwall                       Transmutation/Earth          2
   c - Stone Arrow                    Conjuration/Earth            3
   d - Petrify                        Transmutation/Earth          4
   e - Lee's Rapid Deconstruction     Earth                        5
 w - a book of Misfortune

   Spells                             Type                      Level
   a - Confusing Touch                Hexes                        1
   b - Confuse                        Hexes                        3
   c - Gell's Gravitas                Translocation                3
   d - Petrify                        Transmutation/Earth          4
   e - Metabolic Englaciation         Hexes/Ice                    5
   f - Yara's Violent Unravelling     Hexes/Transmutation          5
Miscellaneous
 y - a box of beasts
Comestibles
 d - a bread ration
 r - 2 royal jellies
 u - 2 fruits


   Skills:
 - Level 2.4 Dodging
 - Level 2.4 Stealth
 + Level 14.6 Spellcasting
 - Level 1.1 Transmutations
 * Level 16.9 Earth Magic


You had 21 spell levels left.
You knew the following spells:

 Your Spells              Type           Power        Failure   Level  Hunger
a - Sandblast             Erth           ######       0%          1    None
b - Passwall              Tmut/Erth      ######....   1%          2    None
c - Stone Arrow           Conj/Erth      ######       1%          3    None
d - Lee's Rapid Deconstr  Erth           #######...   1%          5    ###....
e - Petrify               Tmut/Erth      ######..     1%          4    None


Dungeon Overview and Level Annotations

Branches:
Dungeon (1/1)

Altars:
Cheibriados
Dithmenos
Elyvilon
Fedhas
Gozag
Hepliaklqana
Kikubaaqudgha
Makhleb
Nemelex Xobeh
Okawaru
Qazlal
Ru
Sif Muna
Trog
Uskayaw
Vehumet
Wu Jian
Xom
Yredelemnul
Zin
The Shining One
Beogh
Jiyva
Lugonu

Shops:
D (

Annotations:
D Erica


Message History

The orc sorcerer is almost dead.
The blast of rock fragments hits the orc warrior.
The orc warrior is moderately wounded.
The blast of rock fragments hits the orc.
You kill the orc!
Sif Muna accepts your kill.
You hear a shout! x3
Unknown command.
Casting: Lee's Rapid Deconstruction
Confirm with . or Enter, or press ? or * to list all spells.
Aiming: Lee's Rapid Deconstruction
Press: ? - help, Dir - move target cursor The wall shatters!
The blast of rock fragments hits the orc wizard.
You kill the orc wizard!
Sif Muna accepts your kill.
The blast of rock fragments hits the orc sorcerer.
You kill the orc sorcerer!
Sif Muna accepts your kill.
You can now call upon Sif Muna for magical energy.
Your Spellcasting skill increases to level 14!
Your Earth Magic skill increases to level 16!
The blast of rock fragments hits the orc priest.
You kill the orc priest!
Sif Muna accepts your kill.
The blast of rock fragments hits the orc warrior.
The orc warrior is heavily wounded.
The blast of rock fragments hits the orc.
You kill the orc!
Sif Muna accepts your kill.
The blast of rock fragments hits the orc warrior.
The orc warrior is severely wounded.
The orc shouts!
You hear a shout! x2
The orc warrior misses you.
An orc warrior comes into view. It is wielding a mace.
Unknown command.
You barely miss the orc warrior.
The orc warrior is heavily wounded.
The orc warrior misses you. The orc warrior closely misses you.
Casting: Lee's Rapid Deconstruction
Confirm with . or Enter, or press ? or * to list all spells.
Aiming: Lee's Rapid Deconstruction
Press: ? - help, Dir - move target cursor, f - orc warrior Fragment what (e.g. wall or brittle monster)?: an orc warrior, wielding a hand axe and wearing a plate armour (heavily wounded)
The door shatters!
The blast of rock fragments hits the orc warrior.
The orc warrior is severely wounded.
Unknown command.
Unknown command.
Casting: Lee's Rapid Deconstruction
Confirm with . or Enter, or press ? or * to list all spells.
Aiming: Lee's Rapid Deconstruction
Press: ? - help, Dir - move target cursor, p - orc warrior That beam is likely to hit you.
Continue anyway?
The wall shatters!
The blast of rock fragments hits the orc warrior.
You kill the orc warrior!
Sif Muna accepts your kill.
The blast of rock fragments hits the orc warrior.
You kill the orc warrior!
Sif Muna accepts your kill. The blast of rock fragments hits you!
Ouch! That really hurt!
You die...

▓▓▓ ##.############ $# ##
####..#___#___#__###$###o∩
#..#..#.).#__)#._#.$..ooo.
#..#..###'#'###.##$....o
##'#..#..........#..oo.
###...'.⌠†.......#$)$##
###...#..†######.#)o$$#
##....#.⌠.#__#..@#).####
#.....#...#__#..)#..≈≈≈+
......#'###__#..)..#≈≈≈#
#.....#.))#__#.....#§§.#
##....#___#__'...#.#.@§#
▓▓▓▓▓▓▓▓▓▓▓▓▓▓▓▓▓▓▓▓▓


There were no monsters in sight!

Vanquished Creatures
  An orc sorcerer (D)
  A deep elf mage (D)
  A shadow (D)
  A spatial vortex (D)
  2 orc warriors (D)
  A necrophage (D)
  A water elemental (D)
  A jelly (D)
  An orc priest (D)
  Crazy Yiuf (D)
  An orc wizard (D)
  Jessica (D)
  A wizard (D)
  A necromancer (D)
  3 humans (D)
  A kobold demonologist (D)
  An ooze (D)
  2 orcs (D)
  2 rats (D)
24 creatures vanquished.

Vanquished Creatures (others)
  2 draconian scorchers (D)
  6 hellions (D)
  A yaktaur (D)
  An orc (D)
  5 plants (D)
15 creatures vanquished.

Grand Total: 39 creatures vanquished

Notes
Turn   | Place    | Note
-------+----------+-------------------------------------------
     0 | D        | Amnesiac the Deep Elf Earth Elementalist began the quest for the Orb.
     0 | D        | Reached XP level 1. HP: 10/10 MP: 6/6
    23 | D        | Reached skill level 4 in Earth Magic
   102 | D        | Killed a yaktaur
   111 | D        | Noticed Jessica
   113 | D        | Killed Jessica
   113 | D        | Reached skill level 5 in Spellcasting
   113 | D        | Reached skill level 6 in Earth Magic
   113 | D        | Reached XP level 2. HP: 15/15 MP: 5/10
   113 | D        | Reached XP level 3. HP: 19/19 MP: 6/12
   120 | D        | Killed a hellion
   135 | D        | Killed a hellion
   158 | D        | Noticed Crazy Yiuf
   160 | D        | Killed a hellion
   167 | D        | Reached skill level 7 in Earth Magic
   184 | D        | Killed Crazy Yiuf
   184 | D        | Reached skill level 8 in Earth Magic
   184 | D        | Reached XP level 4. HP: 24/24 MP: 8/14
   198 | D        | Learned a level 2 spell: Passwall
   203 | D        | Learned a level 4 spell: Petrify
   211 | D        | Learned a level 3 spell: Stone Arrow
   211 | D        | Killed a hellion
   224 | D        | Killed a white draconian scorcher
   237 | D        | Noticed a water elemental
   239 | D        | Killed a water elemental
   239 | D        | Reached skill level 9 in Earth Magic
   254 | D        | Found a glowing silver altar of Zin.
   255 | D        | Found a glowing golden altar of the Shining One.
   255 | D        | Found a white marble altar of Elyvilon.
   255 | D        | Noticed a deep elf mage
   257 | D        | Killed a deep elf mage
   257 | D        | Reached skill level 13 in Earth Magic
   257 | D        | Reached XP level 5. HP: 28/28 MP: 12/20
   257 | D        | Reached XP level 6. HP: 32/32 MP: 13/22
   263 | D        | Killed a hellion
   266 | D        | Found an ornate altar of the Wu Jian Council.
   266 | D        | Found a roughly hewn altar of Beogh.
   266 | D        | Found an iron altar of Okawaru.
   266 | D        | Found a bloodstained altar of Trog.
   266 | D        | Found a hide-covered altar of Uskayaw.
   266 | D        | Noticed a human
   266 | D        | Noticed a human
   271 | D        | Found a basalt altar of Yredelemnul.
   271 | D        | Found a shadowy altar of Dithmenos.
   271 | D        | Found a sacrificial altar of Ru.
   275 | D        | Noticed a shadow
   282 | D        | Reached XP level 7. HP: 36/36 MP: 18/24
   288 | D        | Killed a human
   288 | D        | Reached skill level 14 in Earth Magic
   291 | D        | Killed a human
   322 | D        | Killed a white draconian scorcher
   330 | D        | Learned a level 5 spell: Lee's Rapid Deconstruction
   330 | D        | Found a radiant altar of Vehumet.
   330 | D        | Found a deep blue altar of Sif Muna.
   330 | D        | Found an ancient bone altar of Kikubaaqudgha.
   334 | D        | Became a worshipper of Sif Muna the Loreminder
   360 | D        | Reached * piety under Sif Muna
   360 | D        | Reached skill level 15 in Earth Magic
   361 | D        | Killed a shadow
   361 | D        | Reached XP level 8. HP: 41/41 MP: 15/27
   374 | D        | Killed a hellion
   378 | D        | Found a blossoming altar of Fedhas.
   378 | D        | Found a stormy altar of Qazlal.
   378 | D        | Found a snail-covered altar of Cheibriados.
   378 | D        | Found a burning altar of Makhleb.
   378 | D        | Found a shimmering altar of Xom.
   382 | D        | Found a hazy altar of Hepliaklqana.
   382 | D        | Found an opulent altar of Gozag.
   382 | D        | Found a sparkling altar of Nemelex Xobeh.
   382 | D        | Found a corrupted altar of Lugonu.
   382 | D        | Found a viscous altar of Jiyva.
   383 | D        | Reached ** piety under Sif Muna
   413 | D        | Found Midetofu's Weapon Shop.
   413 | D        | Noticed an orc high priest
   413 | D        | Noticed an orc sorcerer
   414 | D        | Noticed Erica
   418 | D        | Killed an orc sorcerer
   418 | D        | Reached *** piety under Sif Muna
   418 | D        | Reached skill level 16 in Earth Magic
   424 | D        | Killed by blast of rock fragments

Vault maps used:
D:        dungeon_sprint_mu

Skill      XL: |  1  2  3  4  5  6  7  8 |
---------------+-------------------------+-----
Spellcasting   | 5 6 11 13 14 | 14.6
Earth Magic    | 6 8 13 15 16 | 16.9
Dodging        | |  2.4
Stealth        | |  2.4
Transmutations | |  1.1

Action                   |  1- 3 |  4- 6 |  7- 9 || total
-------------------------+-------+-------+-------++-------
Melee: Unarmed           |    13 |       |       ||    13
       Quarterstaff      |       |       |     1 ||     1
 Cast: Sandblast         |     9 |     5 |    14 ||    28
       Lee's Rapid Decon |       |       |     5 ||     5
Armor: Robe              |     3 |       |     3 ||     6
Dodge: Dodged            |     9 |       |     6 ||    15

Table legend:
 A = Spawn XP
 B = Non-spawn XP
 C = Spawn XP percentage of total XP
 D = Spawn monster count
 E = Non-spawn monster count
 F = Spawn count percentage of total count
 G = Total turns spent on level
                    A         B        C        D         E        F      G
               +---------+---------+-------+---------+---------+-------+---------
         Total |       0 |    2670 |   0.0 |       0 |      24 |   0.0 |   424
               +---------+---------+-------+---------+---------+-------+---------
             D |       0 |    2670 |   0.0 |       0 |      24 |   0.0 |   424
               +---------+---------+-------+---------+---------+-------+---------
